 Dungeon Crawl Stone Soup version 0.32-a0-589-g2d1f746d5d (webtiles) character file.

Game seed: 13484361398932889910

175 senseless the Firebug (level 5, -9/42 HPs)
             Began as a Mountain Dwarf Fire Elementalist on Mar 2, 2024.
             Killed by miscasting Flame Wave (21 damage)
             ... on level 4 of the Dungeon.
             The game lasted 00:10:20 (3132 turns).

senseless the Firebug (MDFE)                        Turns: 3132, Time: 00:10:23

Health: -9/42      AC: 14    Str: 11    XL:     5   Next: 29%
Magic:  5/9        EV:  8    Int: 17    God:
Gold:   180        SH:  0    Dex: 10    Spells: 3/10 levels left

rFire   . . .        j - +4 mace (protect)
rCold   + . .        (no shield)
rNeg    . . .        g - +7 Kryia's mail coat {PotionHeal*2 rC+}
rPois   .            i - +0 helmet
rElec   .            (no cloak)
rCorr   .            (no gloves)
SInv    .            (no boots)
Will    .....        n - amulet of faith Stlth
                     (no ring)
HPRegen 0.27/turn    (no ring)
MPRegen 0.11/turn

%: faith
@: very slightly contaminated
A: runic magic, artefact enchanting
a: no special abilities


You were on level 4 of the Dungeon.
You visited 1 branch of the dungeon, and saw 4 of its levels.

You collected 180 gold pieces.

Inventory:

Hand Weapons
 j - a +4 mace of protection (weapon)
Armour
 g - the +7 Kryia's mail coat (worn) {PotionHeal*2 rC+}
   (You found it on level 2 of the Dungeon)

   PotionHeal*2: Potions heal its wearer twice as much.
   rC+:       It protects you from cold.
 i - a +0 helmet (worn)
Jewellery
 n - an amulet of faith (around neck)
Wands
 a - a wand of mindburst (13)
Potions
 b - a potion of magic
 c - a potion of curing
 f - a potion of heal wounds
 h - a potion of lignification
 m - a potion of attraction {unknown}


   Skills:
 * Level 2.7 Fighting
 + Level 0.0 Maces & Flails
 + Level 1.7 Armour
 - Level 1.3 Dodging
 - Level 1.4 Stealth
 * Level 3.0 Spellcasting
 + Level 1.9 Conjurations
 + Level 4.2 Fire Magic


You had 3 spell levels left.
You knew the following spells:

 Your Spells              Type           Power      Damage    Failure   Level
a - Foxfire               Conj/Fire      52%        2x1d6     8%          1
b - Scorch                Fire           34%        2d6       7%          2
c - Flame Wave            Conj/Fire      13%        2d6       58%         4

Your spell library contained the following spells:

 Spells                   Type           Power      Damage    Failure   Level
 Inner Flame              Hex/Fire       9%         N/A       34%         3
 Volatile Blastmotes      Fire/Tloc      18%        2d11      34%         3
 Mercury Vapours          Alch/Air       4%         N/A       38%         2
 Mephitic Cloud           Conj/Alch/Air  4%         N/A       54%         3
 Fugue of the Fallen      Necr           2%         N/A       63%         3
 Ozocubu's Armour         Ice            2%         N/A       63%         3
 Manifold Assault         Tloc           2%         N/A       95%         4
 Freezing Cloud           Conj/Ice/Air   2%         6-21      99%         5


Dungeon Overview and Level Annotations

Branches:
Dungeon (4/15)
 Temple: D:4-7

Altars:
Fedhas

Shops:
D:3 (

Annotations:
D:4 2 runed translucent doors, Pikel


Innate Abilities, Weirdness & Mutations

Your spellcasting is much less encumbered by armour.
You can use scrolls of enchantment on lesser artefacts.


Message History

You hit Pikel.
Your weapon exudes an aura of protection.
Pikel is heavily wounded.
Pikel is no longer more vulnerable to fire.
Pikel hits you but does no damage.
You closely miss Pikel.
Pikel is heavily wounded.
Pikel hits you but does no damage. x2
You hit Pikel.
Pikel is heavily wounded.
The lemure is no longer more vulnerable to fire.
Pikel barely misses you.
You hit Pikel.
Pikel is heavily wounded.
Pikel barely misses you. Pikel hits you but does no damage.
You closely miss Pikel.
Pikel is heavily wounded.
The lemure is no longer more vulnerable to fire.
Pikel hits you but does no damage.
You closely miss Pikel.
Pikel is heavily wounded.
Pikel hits you but does no damage.
You closely miss Pikel.
Pikel is heavily wounded.
Pikel hits you but does no damage.
Pikel hits you with a +1 whip of flaming.
Pikel burns you. Magic courses through your body.
Pikel hits you with a +1 whip of flaming.
Pikel burns you.
* * * LOW HITPOINT WARNING * * *
Casting: Scorch (safe; 7% risk of failure)
Confirm with . or Enter, or press ? or * to list all spells.
Casting: Flame Wave (extremely dangerous; 58% risk of failure)
Press: ? - help, Dir - look around, f - activate You miscast Flame Wave.
You are very lightly contaminated with residual magic.
Energy rips through your body!!
Ouch! That really hurt!
You die...

...#..###.# .# ..
... ..#.# .#
#.##.##.#.#####.#
#........#.#.....# .
#.
#............####++
. #.
####..###..5..K.....
..#..#.....#
###5#.......
....>#.##.##
#K#...#)#. #.......#
#@#...# ####.####
#.#..5# #.# #.#.#.5
#.# #.......
#.###########.##.##
######..............
.......#####..######
######.#####..#
#.##.....#


You could see Pikel and 2 lemures.

Vanquished Creatures
  2 lemures (D:4)
  4 gnolls
  7 adders
  2 ribbon worms
  3 dart slugs
  5 endoplasms
  10 giant cockroaches
  4 goblins
  6 hobgoblins
  5 quokkas
  4 ball pythons
  A bat (D:1)
  3 frilled lizards
  6 kobolds
  A rat (D:3)
63 creatures vanquished.

Vanquished Creatures (others)
  190 foxfires
190 creatures vanquished.

Grand Total: 253 creatures vanquished

Notes
Turn   | Place    | Note
-------+----------+-------------------------------------------
     0 | D:1      | senseless the Mountain Dwarf Fire Elementalist began the
                  | quest for the Orb.
     0 | D:1      | Reached XP level 1. HP: 14/14 MP: 3/3
   130 | D:1      | Reached skill level 1 in Conjurations
   355 | D:1      | Reached XP level 2. HP: 22/22 MP: 3/5
   437 | D:1      | Reached skill level 1 in Fighting
   961 | D:1      | Learned a level 2 spell: Scorch
  1067 | D:1      | Reached XP level 3. HP: 28/28 MP: 4/6
  1452 | D:2      | Reached skill level 1 in Armour
  1572 | D:2      | Reached skill level 4 in Fire Magic
  1604 | D:2      | Reached XP level 4. HP: 36/36 MP: 4/7
  1809 | D:2      | Found a blossoming altar of Fedhas.
  1956 | D:2      | Found the +7 Kryia's mail coat {PotionHeal*2 rC+}
  2183 | D:2      | Learned a level 4 spell: Flame Wave
  2409 | D:3      | Reached XP level 5. HP: 42/42 MP: 3/9
  2576 | D:3      | Found Vuwos's Antique Weapon Emporium.
  3068 | D:4      | Found a runed translucent gate.
  3069 | D:4      | Found a runed translucent gate.
  3069 | D:4      | Noticed a lemure
  3069 | D:4      | Noticed a lemure
  3073 | D:4      | Noticed Pikel
  3082 | D:4      | Noticed a lemure
  3086 | D:4      | Noticed a lemure
  3096 | D:4      | Killed a lemure
  3112 | D:4      | Killed a lemure
  3132 | D:4      | Killed by miscasting Flame Wave

Illustrated notes

Levels and vault maps discovered:
D:1:      beargit_arrival_diablo_church, layout_loops_corners, kennysheep_boxes
D:2:      layout_rooms, basic_altar, minmay_misc_feat_plants
D:3:      layout_rooms, serial_shops, shop, kennysheep_generic_room_15
D:4:      layout_loops_cross, general_overflow_altar,
          minmay_temple_entry_proselytizer, gammafunk_ghost_cemetery,
          kennysheep_generic_room_8, uniq_pikel

Skill      XL: |  1  2  3  4  5 |
---------------+----------------+-----
Conjurations   | 1 |  1.9
Spellcasting   | 2 3 |  3.0
Fighting       | 1 2 |  2.7
Armour         | 1 |  1.7
Fire Magic     | 4 |  4.2
Dodging        | |  1.3
Stealth        | |  1.4

Action                     |  1- 3 |  4- 6 || total
---------------------------+-------+-------++-------
  Melee: Unarmed           |     2 |       ||     2
         Spear             |    16 |       ||    16
         Club              |     3 |       ||     3
         Mace              |       |    67 ||    67
         War axe           |       |     1 ||     1
   Cast: Foxfire           |    43 |    67 ||   110
         Scorch            |       |     4 ||     4
    Use: Scroll            |     2 |     6 ||     8
         Potion            |       |     1 ||     1
 Armour: Robe              |     6 |       ||     6
         Leather armour    |     2 |     1 ||     3
         Scale mail        |       |    64 ||    64
  Dodge: Dodged            |    11 |    33 ||    44

Table legend: (Time is in decaauts)
 A = Elapsed time spent in this place.
 B = Non-inter-level travel time spent in this place.
 C = Inter-level travel time spent in this place.
 D = Time resting spent in this place.
 E = Time spent auto-exploring this place.
 F = Levels seen in this place.
 G = Mean time per level.
                   A        B        C        D        E       F      G
               +--------+--------+--------+--------+--------+-----+--------+
         Total |   3159 |   3038 |    121 |    181 |   2361 |   4 |  789.8 |
       Dungeon |   3159 |   3038 |    121 |    181 |   2361 |   4 |  789.8 |
               +--------+--------+--------+--------+--------+-----+--------+

Top non-repeatable levels by time:
     D:1: 1298 daAuts
     D:2: 886 daAuts
     D:3: 770 daAuts
     D:4: 204 daAuts
